 Dungeon Sprint DCSS version 0.27.1 (webtiles) character file.

Game seed: 8348256131650520885

440 shadowrider38 the Fighter (level 6, -1/124 HPs)
             Began as a Troll Berserker on Aug 24, 2021.
             Was a Believer of Trog.
             Slain by Sonja (6 damage)
             ... in the Dungeon (Sprint I: "Red Sonja").
             The game lasted 00:01:08 (260 turns).

shadowrider38 the Fighter (Troll Berserker)          Turns: 260, Time: 00:01:08

Health: -1/124     AC:  4    Str: 27    XL:     6   Next: 70%
Magic:  5/5        EV: 10    Int:  4    God:    Trog [**....]
Gold:   297        SH:  0    Dex:  9    Spells: 5/5 levels left

rFire    . . .     SeeInvis .     - Unarmed
rCold    . . .     Faith    .   (no shield)
rNeg     . . .     Spirit   .   a - +0 animal skin
rPois    .         Reflect  .   (helmet restricted)
rElec    .         Harm     .   (no cloak)
rCorr    .         Rampage  .   (gloves unavailable)
Will     .....     NoTele   +   (boots unavailable)
Stlth    ..........             (no amulet)
HPRegen  1.30/turn              (no ring)
MPRegen  0.09/turn              (no ring)

@: berserking (expiring), lethally poisoned (-1 -> -55), slowed
A: large, unfitting armour, claws 3, regeneration 1, shaggy fur 1, tough skin 1
a: Renounce Religion, Berserk, Trog's Hand


You were in the Dungeon.
You worshipped Trog.
Trog was pleased with you.
You visited 1 branch You collected 297 gold pieces.

Inventory:

Armour
 a - a +0 animal skin (worn)
Jewellery
 j - an amulet of faith
Wands
 h - a wand of digging (5)
Scrolls
 g - a scroll of blinking
Potions
 b - 2 potions of curing
 c - a potion of heal wounds
 d - a potion of haste
 e - 2 potions of magic
 f - a potion of berserk rage
 i - a potion of ambrosia {unknown}


   Skills:
 + Level 12.1 Fighting
 - Level 2.4 Dodging
 - Level 3.0 Unarmed Combat


You had 5 spell levels left.
You didn't know any spells.
Your spell library was empty.

Dungeon Overview and Level Annotations

Branches:
Dungeon (1/1)

Altars:
Cheibriados
Dithmenos
Elyvilon
Fedhas
Gozag
Hepliaklqana
Kikubaaqudgha
Nemelex Xobeh
Okawaru
Qazlal
Ru
Sif Muna
Trog
Uskayaw
Vehumet
Wu Jian
Yredelemnul
Zin
The Shining One

Shops:
D *

Annotations:
D Sonja


Innate Abilities, Weirdness & Mutations

You are too large for most types of armour.
You have claws for hands.
Your natural rate of healing is unusually fast.
You are covered in fur. (AC +1)
You have tough skin. (AC +1)


Message History

Sonja hits you but does no damage.
Sonja hits you with a +2 dagger of venom.
You are more poisoned.
Sonja hits you with a +2 dagger of venom.
Sonja misses you.
Sonja hits you with a +2 dagger of venom.
You are more poisoned.
Sonja hits you with a +2 dagger of venom.
You are lethally poisoned!
You are too injured to fight recklessly!
Unknown command.
You are too injured to fight recklessly!
Unknown command.
You are too injured to fight recklessly!
Unknown command.
You are too injured to fight recklessly!
Unknown command.
You are too injured to fight recklessly!
You are too injured to fight recklessly!
You claw Sonja!
Sonja is moderately wounded.
You feel extremely sick.
Sonja hits you with a +2 dagger of venom!
* * * LOW HITPOINT WARNING * * *
You are more poisoned.
Sonja hits you with a +2 dagger of venom.
* * * LOW HITPOINT WARNING * * *
You are more poisoned.
Sonja hits you with a +2 dagger of venom.
* * * LOW HITPOINT WARNING * * *
You are more poisoned.
You barely miss Sonja.
Sonja is moderately wounded.
* * * LOW HITPOINT WARNING * * *
You feel extremely sick. Sonja closely misses you.
Sonja hits you with a +2 dagger of venom.
* * * LOW HITPOINT WARNING * * *
Sonja hits you with a +2 dagger of venom.
You die...

################
#<.#..'..#..'..#
#..').#.)').#..+
#..#####'#####'#
#..####..#...#.#
#..#__####..##.#
#..#_____##'#_.+
#⌠⌠#_.∩...†.K@_#
####_..__##_.#+#
#_____###'#
####### #.# $.$
$.$ ##.## #+#


You could see Sonja.

Vanquished Creatures
  Sigmund (D)
  A yak (D)
  An ogre (D)
  A jelly (D)
  Ijyb (D)
5 creatures vanquished.

Notes
Turn   | Place    | Note
-------+----------+-------------------------------------------
     0 | D        | shadowrider38 the Troll Berserker began the quest for the
                  | Orb.
     0 | D        | Reached XP level 1. HP: 22/22 MP: 0/0
     2 | D        | Noticed Ijyb
     6 | D        | Killed Ijyb
     7 | D        | Reached skill level 5 in Fighting
     7 | D        | Reached XP level 2. HP: 35/35 MP: 1/1
    51 | D        | Noticed an ogre
    56 | D        | Killed an ogre
    57 | D        | Reached skill level 8 in Fighting
    57 | D        | Reached XP level 3. HP: 48/48 MP: 2/2
    57 | D        | Reached XP level 4. HP: 57/57 MP: 3/3
    98 | D        | Noticed Sigmund
   103 | D        | Killed Sigmund
   103 | D        | Reached ** piety under Trog
   104 | D        | Reached skill level 10 in Fighting
   104 | D        | Reached XP level 5. HP: 70/70 MP: 4/4
   104 | D        | Reached XP level 6. HP: 79/79 MP: 5/5
   164 | D        | Found an ornate altar of the Wu Jian Council.
   164 | D        | Found a shimmering blue altar of Sif Muna.
   166 | D        | Found a radiant altar of Vehumet.
   172 | D        | Reached skill level 11 in Fighting
   219 | D        | Found Zomitep's Assorted Antiques.
   219 | D        | Found an ancient bone altar of Kikubaaqudgha.
   219 | D        | Found a hazy altar of Hepliaklqana.
   219 | D        | Found a stormy altar of Qazlal.
   219 | D        | Found a hide-covered altar of Uskayaw.
   219 | D        | Found a blossoming altar of Fedhas.
   219 | D        | Found a bloodstained altar of Trog.
   219 | D        | Found an iron altar of Okawaru.
   219 | D        | Found a basalt altar of Yredelemnul.
   219 | D        | Found a glowing golden altar of the Shining One.
   219 | D        | Found a snail-covered altar of Cheibriados.
   219 | D        | Found a sacrificial altar of Ru.
   219 | D        | Found a glowing silver altar of Zin.
   219 | D        | Found a shadowy altar of Dithmenos.
   219 | D        | Found a white marble altar of Elyvilon.
   219 | D        | Noticed a yak
   224 | D        | Killed a yak
   225 | D        | Reached skill level 12 in Fighting
   225 | D        | Found an opulent altar of Gozag.
   226 | D        | Found a sparkling altar of Nemelex Xobeh.
   251 | D        | Noticed Sonja
   260 | D        | HP: 5/124 [Sonja (2)]
   260 | D        | Slain by Sonja

Illustrated notes

Levels and vault maps discovered:
D:        dungeon_sprint_1 [red_sonja_temple_1, red_sonja_temple_small_1]

Skill      XL: |  1  2  3  4  5  6 |
---------------+-------------------+-----
Fighting       | 5 8 10 12 | 12.1
Dodging        | |  2.4
Unarmed Combat | |  3.0

Action                   |  1- 3 |  4- 6 || total
-------------------------+-------+-------++-------
Melee: Unarmed           |     7 |    15 ||    22
Invok: Berserk           |     2 |     3 ||     5
Armor: Animal skin       |     1 |     3 ||     4
Dodge: Dodged            |     2 |     8 ||    10
